 Dungeon Crawl Stone Soup version 0.28-a0-529-g3bad584f25 (webtiles) character file.

Game seed: 2599787288614919406

196 Gwenloh the Cudgeller (level 5, 0/41 HPs)
             Began as a Demigod Gladiator on Sept 24, 2021.
             Succumbed to a kobold brigand's poison
             ... in a sewer.
             The game lasted 00:06:12 (2650 turns).

Gwenloh the Cudgeller (Demigod Gladiator)           Turns: 2650, Time: 00:06:12

Health: 0/41       AC:  4    Str: 13 (15) XL:     5   Next: 21%
Magic:  7/7        EV: 12    Int:  8 (10) God:
Gold:   103        SH:  0    Dex: 17 (19) Spells: 4/4 levels left

rFire   . . .      SeeInvis .   a - +0 flail
rCold   . . .      Faith    .   (no shield)
rNeg    . . .      Spirit   .   b - +0 leather armour
rPois   .          Reflect  .   c - +0 helmet
rElec   .          Harm     .   (no cloak)
rCorr   .          Rampage  .   (no gloves)
Will    .....                   (no boots)
Stlth   +.........              (no amulet)
HPRegen 0.13/turn               (no ring)
MPRegen 0.10/turn               (no ring)

@: lethally poisoned (0 -> -10), very slow
A: high mp 1, forlorn
a: no special abilities


You were in a sewer.
You visited 1 branch of the dungeon, and saw 3 of its levels.
You also visited: Sewer.

You collected 103 gold pieces.

Inventory:

Hand Weapons
 a - a +0 flail (weapon)
Missiles
 d - 3 throwing nets
 e - 56 stones
 l - 18 poisoned darts (quivered)
 n - 26 bolts
Armour
 b - a +0 leather armour (worn)
 c - a +0 helmet (worn)
Magical Staves
 g - a staff of conjuration
Scrolls
 f - a scroll of vulnerability {unknown}
 h - a scroll of identify {unknown}
 j - a scroll of holy word {unknown}
 k - 2 scrolls of silence
 m - a scroll of teleportation {unknown}
 o - a scroll of brand weapon {unknown}
Potions
 p - a potion of cancellation {unknown}


   Skills:
 - Level 1.7 Fighting
 + Level 5.7 Maces & Flails
 - Level 1.7 Throwing
 - Level 2.6 Dodging


You had 4 spell levels left.
You didn't know any spells.
Your spell library was empty.

Dungeon Overview and Level Annotations

Branches:
Dungeon (3/15)              Sewer (1/1)


Innate Abilities, Weirdness & Mutations

Your attributes grow dramatically as you level up.
You have an increased reservoir of magic. (+10% MP)
You shall have no god before yourself.


Message History

The kobold brigand hits you with a +0 short sword.
You barely miss the kobold brigand.
The kobold brigand is moderately wounded.
The kobold brigand barely misses you.
You closely miss the kobold brigand.
The kobold brigand is moderately wounded.
The kobold brigand hits you with a +0 short sword.
You closely miss the kobold brigand.
The kobold brigand is moderately wounded.
The kobold brigand hits you but does no damage.
Okay, then.
Okay, then.
You aren't carrying any pieces of jewellery.
Throw: 19 darts (poison)
Press: ? - help, Q - select action, (/) - cycle Shift-Dir - straight line, f/p - kobold brigand
Aim: a kobold brigand, wielding a +0 short sword and quivering poisoned darts (moderately wounded, 53% to hit)
You throw a poisoned dart.
The poisoned dart hits the kobold brigand.
The kobold brigand is poisoned.
The kobold brigand is moderately wounded.
The kobold brigand closely misses you.
You thump the kobold brigand!
The kobold brigand is heavily wounded.
The kobold brigand hits you with a +0 short sword!
* * * LOW HITPOINT WARNING * * *
You hit the kobold brigand.
The kobold brigand is severely wounded.
The kobold brigand hits you with a +0 short sword!
* * * LOW HITPOINT WARNING * * *
Unknown command.
You enter the shallow water.
Moving in this stuff is going to be slow.
The kobold brigand barely misses you.
The kobold brigand throws a poisoned dart.
The poisoned dart hits you!
You are lethally poisoned!
It was a potion of degeneration.
There was something very wrong with that liquid.
You feel weakened.
You feel dopey.
You feel clumsy.
You die...

#≈≈.≈..≈## #.≈≈.≈≈.≈# ######
.≈≈≈.≈≈≈.####...≈..)###≈≈≈≈.
≈.≈≈.≈≈≈≈≈≈########..≈≈≈####
≈.#####..≈≈≈# #####≈≈≈≈. ≈
##..≈≈# ###### ##≈≈.# #≈≈≈#
#≈≈.# ##≈≈@## #.≈≈K≈#
#≈###.# #≈# #(# #≈# #(# ≈≈≈
≈≈( ≈#≈ ≈#≈ #≈ ≈#≈ ≈# #≈ ≈#≈
≈#


You could see a kobold brigand (poisoned).

Vanquished Creatures
  A kobold brigand (Sewer)
  Natasha (D:3)
  3 adders
  2 river rats
  A worm (Sewer)
  3 ball pythons
  7 endoplasms
  A giant cockroach (D:2)
  4 goblins (D:2)
  7 hobgoblins
  A quokka (D:1)
  5 bats
  3 frilled lizards
  7 kobolds
  7 rats
53 creatures vanquished.

Vanquished Creatures (others)
  12 plants (D:3)
12 creatures vanquished.

Grand Total: 65 creatures vanquished

Notes
Turn   | Place    | Note
-------+----------+-------------------------------------------
     0 | D:1      | Gwenloh the Demigod Gladiator began the quest for the Orb.
     0 | D:1      | Reached XP level 1. HP: 17/17 MP: 3/3
   188 | D:1      | Reached skill level 3 in Maces & Flails
   628 | D:1      | Reached XP level 2. HP: 22/24 MP: 4/4
  1704 | D:2      | Reached XP level 3. HP: 29/29 MP: 5/5
  1826 | D:3      | Reached skill level 4 in Maces & Flails
  1862 | D:3      | Found a glowing drain.
  1863 | D:3      | Noticed Natasha
  1876 | D:3      | Killed Natasha
  1944 | Sewer    | Entered a sewer
  2023 | Sewer    | Reached XP level 4. HP: 34/36 MP: 6/6
  2273 | Sewer    | Reached skill level 5 in Maces & Flails
  2503 | Sewer    | Noticed a kobold brigand
  2518 | Sewer    | Killed a kobold brigand
  2519 | Sewer    | Reached XP level 5. HP: 34/41 MP: 7/7
  2650 | Sewer    | Succumbed to a kobold brigand's poison

Illustrated notes

Levels and vault maps discovered:
D:1:      dpeg_arrival_circle_labyrinth_a, layout_loops_corners,
          shapermc_ecumenical_altar_mp_ritualfount
D:2:      minmay_angry_zag, layout_basic
D:3:      layout_rooms, portal_sewer_entry_a, kennysheep_boxes, uniq_terence,
          uniq_natasha
Sewer:    sewer_co_tree

Skill      XL: |  1  2  3  4 |
---------------+-------------+-----
Maces & Flails | 3 4 5 |  5.7
Fighting       | |  1.7
Throwing       | |  1.7
Dodging        | |  2.6

Action                   |  1- 3 |  4- 6 || total
-------------------------+-------+-------++-------
Melee: Flail             |    83 |    58 ||   141
Throw: Stone             |    78 |    13 ||    91
       Dart              |       |    21 ||    21
  Use: Scroll            |     1 |       ||     1
       Potion            |       |     1 ||     1
Armor: Leather armour    |    26 |     6 ||    32
Dodge: Dodged            |    41 |    27 ||    68

Table legend: (Time is in decaauts)
 A = Elapsed time spent in this place.
 B = Non-inter-level travel time spent in this place.
 C = Inter-level travel time spent in this place.
 D = Time resting spent in this place.
 E = Time spent auto-exploring this place.
 F = Levels seen in this place.
 G = Mean time per level.
                   A        B        C        D        E       F      G
               +--------+--------+--------+--------+--------+-----+--------+
         Total |   2778 |   2697 |     81 |    148 |   2068 |   4 |  694.5 |
       Dungeon |   1965 |   1884 |     81 |     25 |   1554 |   3 |  655.0 |
         Sewer |    813 |    813 |      0 |    123 |    513 |   1 |  813.0 |
               +--------+--------+--------+--------+--------+-----+--------+

Top non-repeatable levels by time:
     D:1: 1227 daAuts
   Sewer: 813 daAuts
     D:2: 607 daAuts
     D:3: 131 daAuts
